 Dungeon Sprint DCSS version 0.15-a0-2327-gc7140f0 (webtiles) character file.

231878 runewalsh the Devastator (level 17, 0/110 (111) HPs)
             Began as an Octopode Wizard on July 29, 2014.
             Was the Champion of Vehumet.
             Slain by a reaper
             ... wielding a +3 scythe of venom
             ... summoned by an indirect mummy death curse
              (35 damage)
             ... in the Dungeon (Sprint III: "The Ten Rune Challenge") on July 30, 2014.
             The game lasted 01:28:00 (12742 turns).

runewalsh the Devastator (Octopode Wizard)         Turns: 12742, Time: 01:28:00

HP   0/110 (111) AC  5     Str  7      XL: 17   Next: 93%
MP   0/41        EV 15     Int 29      God: Vehumet [******]
Gold 4182        SH  0     Dex 11      Spells: 11 memorised, 12 levels left

rFire  . . .     SeeInvis .     q - staff of conjuration
rCold  + . .     Clarity  +     (no shield)
rNeg   . . .     rCorr    .     N - +2 hat
rPois  +         rRot     .     V - amulet of guardian spirit
rElec  +         Spirit   +     d - ring of poison resistance
SustAb .         Warding  .     Q - ring of protection from fire
rMut   .         NoTele   +     y - +4 ring of intelligence
Gourm  .                        J - +3 ring of evasion
MR     +....                    K - ring "Agopyguq" {+Blink AC+2}
                                e - ring of Bodily Harmony {Ice Stlth++}
                                v - ring "Hixut" {+Rage rElec Str+1 Slay+2}
                                (no ring)

@: lethally poisoned, repel missiles, somewhat resistant to hostile
enchantments, uncannily stealthy
A: almost no armour, amphibious, 8 rings, constrict 8, camouflage 1, clarity,
screaming 1, weak 1, wild magic 1, gelatinous body 1
a: Renounce Religion, Evoke Blink, Evoke Berserk Rage
}: 4/10 runes: decaying, barnacled, slimy, silver


You were in the Dungeon.
You worshipped Vehumet.
Vehumet was exalted by your worship.
You were not hungry.

You visited 1 branch You collected 8504 gold pieces.
You spent 4322 gold pieces at shops.

Inventory:

Hand weapons
 w - a +0 dagger
 F - the +1 falchion "Qilid" {freeze, rElec rF+ rC+}
   (You found it in the Dungeon)

   It has been specially enchanted to freeze those struck by it, causing extra
   injury to most foes and up to double damage against particularly susceptible
   opponents.
   It can also slow down cold-blooded creatures.
   It protects you from fire.
   It protects you from cold.
   It insulates you from electricity.
 I - the +14 plutonium sword {Contam Stlth-}
   (You found it in the Dungeon)

   It causes magical contamination when unequipped.
   It makes you less stealthy.
Armour
 N - a +2 hat (worn)
Magical devices
 A - a wand of fire (6)
 R - a wand of disintegration (6)
Comestibles
 c - 2 bread rations
 i - 2 rotting chunks of white draconian flesh
 s - 4 royal jellies
Scrolls
 f - a scroll of acquirement
 l - a scroll of torment
 m - 12 scrolls of identify
 n - 2 scrolls of remove curse
 r - a scroll of holy word {unknown}
 t - a scroll of immolation {unknown}
 u - a scroll of enchant weapon {unknown}
 x - a scroll of magic mapping {unknown}
 D - 2 scrolls of silence
 L - a scroll of recharging {unknown}
 M - 2 scrolls of blinking
 T - a scroll of fog {unknown}
Jewellery
 d - a ring of poison resistance (left tentacle)
 e - the ring of Bodily Harmony (on tentacle) {Ice Stlth++}
   (You bought it in a shop in the Dungeon)

   [ring of ice]

   It enhances your ice magic, and weakens your fire magic.
   It makes you vulnerable to fire.
   It protects you from cold.
   It makes you much more stealthy.
 v - the ring "Hixut" (on tentacle) {+Rage rElec Str+1 Slay+2}
   (You bought it in a shop in the Dungeon)

   [ring of strength]

   It affects your strength (+1).
   It affects your accuracy and damage with ranged weapons and melee attacks
   (+2).
   It insulates you from electricity.
   It lets you go berserk.
 y - a +4 ring of intelligence (on tentacle)
 J - a +3 ring of evasion (on tentacle)
 K - the ring "Agopyguq" (on tentacle) {+Blink AC+2}
   (You found it in the Dungeon)

   [ring of protection]

   It affects your AC (+2).
   It lets you blink.
 Q - a ring of protection from fire (right tentacle)
 V - an amulet of guardian spirit (around mantle)
Potions
 h - 2 potions of heal wounds
 E - 3 potions of curing
 U - a potion of brilliance
Books
 b - a Necronomicon

   Spells                             Type                      Level
   Haunt                              Necromancy/Summoning         7
   Borgnjor's Revivification          Necromancy                   8
   Death's Door                       Charms/Necromancy            8
   *Necromutation                     Transmutation/Necromancy     8
 o - a Grand Grimoire {highlevel}

   This book is beyond your current level of understanding.

   Spells                             Type                      Level
   Aura of Abjuration                 Summoning                    6
   Forceful Dismissal                 Summoning                    6
   Summon Greater Demon               Summoning                    7
   Malign Gateway                     Summoning/Translocation      7
   Summon Horrible Things             Summoning                    8
 O - a book of Death

   Spells                             Type                      Level
   Corpse Rot                         Necromancy                   2
   Sublimation of Blood               Necromancy                   2
   Agony                              Necromancy                   5
   Dispel Undead                      Necromancy                   5
   Excruciating Wounds                Charms/Necromancy            5
   Bolt of Draining                   Conjuration/Necromancy       5
Magical staves
 g - an uncursed staff of air
 q - an uncursed staff of conjuration (weapon)
Miscellaneous
 j - a plain deck of wonders
 z - a lamp of fire
 B - a lamp of fire
 G - a plain deck of wonders
 P - a crystal ball of energy
Rods
 C - a +3 lightning rod (10/10)
   (You found it in the Dungeon)
 H - a +5 rod of clouds (14/14)
   (You found it in the Dungeon)


   Skills:
 + Level 8.4 Fighting
 - Level 6.5 Short Blades
 - Level 2.0 Dodging
 - Level 21.0 Stealth
 - Level 20.1 Spellcasting
 + Level 26.2 Conjurations
 - Level 11.0 Charms
 - Level 1.0 Summonings
 + Level 21.0 Necromancy
 - Level 1.0 Translocations
 + Level 13.1 Transmutations
 + Level 25.8 Ice Magic
 - Level 5.0 Air Magic


You had 12 spell levels left.
You knew the following spells:

 Your Spells              Type           Power        Failure   Level  Hunger
b - Call Imp              Summ           ######..     4%          2    None
c - Blink                 Tloc           N/A          4%          2    None
d - Mephitic Cloud        Conj/Pois/Air  ########     1%          3    None
e - Animate Skeleton      Necr           N/A          1%          1    None
g - Ensorcelled Hibernat  Hex/Ice        ######       1%          2    None
h - Bolt of Cold          Conj/Ice       #########.   1%          6    None
m - Repel Missiles        Chrm/Air       ######       1%          2    None
n - Necromutation         Trmt/Necr      ########..   19%         8    #####..
v - Flight                Chrm/Air       #######...   1%          3    None
w - Haste                 Chrm           #######.     5%          6    None
x - Glaciate              Conj/Ice       #########.   3%          9    ######.


Dungeon Overview and Level Annotations

Branches:
Dungeon (1/1)

Altars:
Cheibriados
Dithmenos
Elyvilon
Fedhas
Gozag
Kikubaaqudgha
Makhleb
Nemelex Xobeh
Okawaru
Qazlal
Sif Muna
Trog
Vehumet
Xom
Yredelemnul
Zin
The Shining One
Jiyva
Lugonu

Shops:
D ?[:*}:![%}}%%[=!%}*=?}:(


Innate Abilities, Weirdness & Mutations

You cannot wear most types of armour.
You are amphibious.
You can wear up to eight rings at the same time.
You can use your tentacles to constrict many enemies at once.
Your skin changes colour to match your surroundings (Stealth).
Your rubbery body absorbs attacks (AC +1).
You possess an exceptional clarity of mind.
You occasionally shout uncontrollably at your foes.
You are weak. (Str -2)
Your spells are a little harder to cast, but a little more powerful.


Message History

Death has come for you...
Unknown command.
The reaper hits you from afar with a glowing scythe!!
Casting: Glaciate
Confirm with . or Enter, or press ? or * to list all spells.
Aiming: Glaciate
Press: ? - help, Shift-Dir - straight line, f - reaper
Aim: a reaper, wielding a glowing scythe (freezing vapour, summoned)
You feel a strong surge of power!
You conjure a mighty blast of ice!
The great icy blast engulfs the reaper.
The reaper partially resists.
The reaper is almost dead.
The reaper is flash-frozen.
The reaper draws a finger across its throat.
The reaper hits you from afar with a glowing scythe!!!
* * * LOW HITPOINT WARNING * * *
You are lethally poisoned!
Drink which item? (? for menu, Esc to quit)
You feel much better.
You feel sick.
The reaper hits you from afar with a scythe of venom!!!
You die...

#######§#§.....#################.
#.#.#§#§§§.....#.....'..([#).#≈≈.
.....§§§§§§....#.######...#.^#≈≈.
.....§§§§......#[[.'./##..#^.'...
#'##############[[.#...##.'.^#≈≈.
...##)#≈≈≈§§≈#######....###..#≈≈.
....##+#.§≈.≈#.#.........(#..#≈≈.
.....###§§§.≈#.▓'▓▓▓▓▓▓▓▓▓▓▓▓▓▓▓▓
.....+....)..).▓@.#
.....#####..≈#)▓§§#
....##8..##P§#.▓§2#
...###§#..##+##▓§§#
#'####§##.##...▓§§# .≈≈≈+#8
#.####.▓88# .≈≈.#§§ #......▓§§#
.≈≈.#######'###▓§§#
..≈.#..'≈⌠...≈[▓.^


You could see a reaper.

Vanquished Creatures
  the royal jelly (D)
  Boris (D)
  the Lernaean hydra (D)
  Norris (D)
  Mara (D)
  Mennas (D)
  A golden dragon (D)
  Nikola (D)
  2 liches (D)
  3 titans (D)
  4 acid blobs (D)
  A storm dragon (D)
  A deep elf master archer (D)
  Polyphemus (D)
  An Executioner (D)
  A quicksilver dragon (D)
  Harold (D)
  An ancient champion (D)
  2 sphinxes (D)
  Chuck (D)
  Rupert (D)
  2 shadow dragons (D)
  11 azure jellies (D)
  Roxanne (D)
  Ilsuiw (D)
  A frost giant (D)
  Maud (D)
  Gastronok (D)
  3 draconian knights (D)
  A deep elf demonologist (D)
  2 stone giants (D)
  A curse skull (D)
  A deep elf annihilator (D)
  Azrael (D)
  2 vampire knights (D)
  2 dire elephants (D)
  A merfolk javelineer (D)
  16 vault guards (D)
  A fire dragon (D)
  A deep elf death mage (D)
  A deep elf high priest (D)
  A mummy priest (D)
  Josephine (D)
  10 death oozes (D)
  3 yaktaur captains (D)
  An ogre mage (D)
  Nessos (D)
  A hydra (D)
  3 centaur warriors (D)
  4 death yaks (D)
  4 dancing weapons (D)
  2 sun demons (D)
  A titan zombie (D)
  2 soul eaters (D)
  An iron golem (D)
  6 very ugly things (D)
  3 deep elf knights (D)
  6 skeletal warriors (D)
  A sea snake (D)
  4 hell knights (D)
  3 swamp dragons (D)
  A spriggan druid (D)
  2 unseen horrors (D)
  A shadow wraith (D)
  A hill giant (shapeshifter) (D)
  An anaconda zombie (D)
  2 ice devils (D)
  2 spectral iron dragons (D)
  A silver statue (D)
  2 deep elf summoners (D)
  A lindwurm (D)
  Joseph (D)
  2 deep elf conjurers (D)
  2 oklob plants (D)
  An orc sorcerer (D)
  4 crystal guardians (D)
  A faun (shapeshifter) (D)
  A red wasp (D)
  2 hell beasts (D)
  2 shining eyes (D)
  A cyclops (shapeshifter) (D)
  An iron troll simulacrum (D)
  A moth of wrath (shapeshifter) (D)
  2 elephants (D)
  2 spiny frogs (D)
  An elephant (shapeshifter) (D)
  2 black mambas (D)
  8 statues (D)
  An orange crystal statue (D)
  A molten gargoyle (D)
  A komodo dragon (D)
  3 yaktaurs (D)
  3 deep elf priests (D)
  An anaconda simulacrum (D)
  A guardian mummy (D)
  A blue devil (D)
  9 slime creatures (D)
  A fire drake (D)
  4 spriggan defenders (D)
  3 wandering mushrooms (D)
  A queen bee (D)
  8 blink frogs (D)
  A shadow (D)
  2 spriggans (D)
  3 redbacks (D)
  2 fire elementals (D)
  3 water elementals (D)
  A spatial vortex (D)
  A hydra simulacrum (D)
  2 orc warriors (D)
  3 swamp drakes (D)
  2 centaurs (D)
  A black mamba simulacrum (D)
  2 yellow wasps (D)
  An earth elemental (D)
  2 brain worms (D)
  3 electric eels (D)
  23 killer bees (D)
  A jelly (D)
  A wizard (D)
  An orc priest (D)
  3 orc wizards (D)
  2 polar bear simulacra (D)
  2 necromancers (D)
  A kobold demonologist (D)
  3 sheep (D)
  3 humans (D)
  2 giant mites (D)
  A phantom (D)
  3 giant eyeballs (D)
  11 orcs (D)
  2 rats (D)
  3 ballistomycetes (D)
  5 bushes (D)
  6 butterflies (D)
  11 plants (D)
336 creatures vanquished.

Vanquished Creatures (collateral kills)
  A necrophage (D)
  8 killer bees (D)
9 creatures vanquished.

Vanquished Creatures (others)
  2 draconian scorchers (D)
  2 hydras (D)
  5 ball lightnings (D)
  A death drake (D)
  2 yaktaurs (D)
  3 orc high priests (D)
  A killer bee (D)
  An electric eel (D)
  An orc priest (D)
  A white imp (D)
  3 giant spores (D)
  A ballistomycete (D)
  77 blocks of ice (D)
  A bush (D)
  11 plants (D)
112 creatures vanquished.

Grand Total: 457 creatures vanquished

Notes
Turn   | Place    | Note
--------------------------------------------------------------
     0 | D        | runewalsh, the Octopode Wizard, began the quest for the Orb.
     0 | D        | Reached XP level 1. HP: 11/11 MP: 4/4
    33 | D        | Reached skill level 4 in Stealth
    33 | D        | Reached XP level 2. HP: 17/17 MP: 0/6
    95 | D        | Reached skill level 5 in Stealth
   118 | D        | Learned a level 2 spell: Call Imp
   121 | D        | Learned a level 2 spell: Blink
   137 | D        | Reached skill level 6 in Stealth
   137 | D        | Reached XP level 3. HP: 13/21 MP: 5/7
   141 | D        | Killed a yaktaur
   178 | D        | Learned a level 3 spell: Mephitic Cloud
   272 | D        | Killed a white draconian scorcher
   411 | D        | Noticed a water elemental
   585 | D        | HP: 1/21 [water elemental (19)]
   865 | D        | Found a radiant altar of Vehumet.
   897 | D        | Noticed a wizard
   911 | D        | Found a deep blue altar of Sif Muna.
   911 | D        | Found an ancient bone altar of Kikubaaqudgha.
   918 | D        | Reached skill level 8 in Stealth
   925 | D        | Killed a wizard
   925 | D        | Reached skill level 1 in Short Blades
   925 | D        | Reached skill level 9 in Stealth
   925 | D        | Reached XP level 4. HP: 12/27 MP: 0/9
   928 | D        | Became a worshipper of Vehumet
  1041 | D        | Killed a white draconian scorcher
  1087 | D        | Found an iron altar of Okawaru.
  1087 | D        | Found a bloodstained altar of Trog.
  1087 | D        | Noticed a human
  1091 | D        | Noticed a human
  1107 | D        | Killed a human
  1107 | D        | Reached skill level 11 in Stealth
  1107 | D        | Reached skill level 5 in Conjurations
  1107 | D        | Reached XP level 5. HP: 8/31 MP: 2/13
  1110 | D        | Killed a human
  1110 | D        | Reached skill level 12 in Stealth
  1110 | D        | Reached XP level 6. HP: 9/36 MP: 2/16
  1329 | D        | Learned a level 2 spell: Ensorcelled Hibernation
  1329 | D        | Found a glowing silver altar of Zin.
  1330 | D        | Found a glowing golden altar of the Shining One.
  1330 | D        | Found a white marble altar of Elyvilon.
  1330 | D        | Noticed a deep elf priest
  1340 | D        | Killed a deep elf priest
  1340 | D        | Acquired Vehumet's first power
  1340 | D        | Offered knowledge of Sting by Vehumet.
  1340 | D        | Reached skill level 5 in Short Blades
  1340 | D        | Reached skill level 13 in Stealth
  1340 | D        | Reached skill level 5 in Spellcasting
  1340 | D        | Reached XP level 7. HP: 34/41 MP: 14/19
  1355 | D        | Found a snail-covered altar of Cheibriados.
  1355 | D        | Noticed a necrophage
  1356 | D        | Found a basalt altar of Yredelemnul.
  1356 | D        | Found a blossoming altar of Fedhas.
  1356 | D        | Noticed a necromancer
  1357 | D        | Killed a necromancer
  1368 | D        | Killed a necrophage
  1368 | D        | Reached skill level 14 in Stealth
  1368 | D        | Reached skill level 1 in Ice Magic
  1417 | D        | Noticed a jelly
  1418 | D        | Noticed a shadow
  1420 | D        | Killed a shadow
  1420 | D        | Reached skill level 15 in Stealth
  1424 | D        | Killed a jelly
  1424 | D        | Reached skill level 5 in Air Magic
  1431 | D        | Noticed Josephine
  1433 | D        | Killed Josephine
  1433 | D        | Reached XP level 8. HP: 40/46 MP: 19/22
  1438 | D        | Noticed an earth elemental
  1441 | D        | Killed an earth elemental
  1449 | D        | Learned a level 3 spell: Conjure Flame
  1452 | D        | Learned a level 2 spell: Repel Missiles
  1470 | D        | Noticed a centaur
  1470 | D        | Noticed a centaur warrior
  1470 | D        | Noticed a centaur
  1472 | D        | Killed a centaur
  1472 | D        | Reached XP level 9. HP: 51/51 MP: 23/23
  1474 | D        | Killed a centaur
  1474 | D        | Reached skill level 16 in Stealth
  1479 | D        | Killed a centaur warrior
  1479 | D        | Acquired Vehumet's second power
  1479 | D        | Reached skill level 10 in Conjurations
  1599 | D        | Found Goax's Assorted Antiques.
  1599 | D        | Noticed an orc warrior
  1599 | D        | Noticed an orc sorcerer
  1599 | D        | Noticed an orc wizard
  1607 | D        | Offered knowledge of Throw Flame by Vehumet.
  1611 | D        | Noticed an orc wizard
  1611 | D        | Killed an orc wizard
  1614 | D        | Killed an orc wizard
  1614 | D        | Acquired Vehumet's third power
  1634 | D        | Noticed an orc priest
  1640 | D        | Killed an orc priest
  1658 | D        | Noticed an orc wizard
  1670 | D        | Killed an orc warrior
  1676 | D        | Killed an orc wizard
  1681 | D        | Killed an orc sorcerer
  1734 | D        | Killed an orc warrior
  1773 | D        | Bought a ruby ring for 100 gold pieces
  1773 | D        | Bought a scroll labeled IXZYVORRIGG for 20 gold pieces
  1773 | D        | Bought a scroll labeled GRENGA TORU for 20 gold pieces
  1823 | D        | Found a stormy altar of Qazlal.
  1823 | D        | Noticed a spatial vortex
  1824 | D        | Found a burning altar of Makhleb.
  1824 | D        | Found a viscous altar of Jiyva.
  1824 | D        | Found a shimmering altar of Xom.
  1824 | D        | Found a shadowy altar of Dithmenos.
  1824 | D        | Found a sparkling altar of Nemelex Xobeh.
  1824 | D        | Found a corrupted altar of Lugonu.
  1824 | D        | Found an opulent altar of Gozag.
  1825 | D        | Killed a spatial vortex
  1853 | D        | Noticed a deep elf priest
  1853 | D        | Noticed a deep elf knight
  1853 | D        | Noticed a deep elf summoner
  1853 | D        | Noticed a deep elf summoner
  1853 | D        | Noticed a deep elf priest
  1906 | D        | Noticed a demonic crawler
  1963 | D        | Killed a deep elf summoner
  1963 | D        | Offered knowledge of Throw Frost by Vehumet.
  1963 | D        | Reached skill level 17 in Stealth
  1963 | D        | Reached XP level 10. HP: 25/56 MP: 18/26
  2017 | D        | Killed a deep elf priest
  2017 | D        | Reached skill level 10 in Ice Magic
  2065 | D        | Killed a deep elf knight
  2072 | D        | Killed a deep elf priest
  2089 | D        | Killed a deep elf summoner
  2308 | D        | Killed an unseen horror
  2308 | D        | Offered knowledge of Olgreb's Toxic Radiance by Vehumet.
  2459 | D        | Noticed a wandering mushroom
  2468 | D        | Learned a level 5 spell: Lightning Bolt
  2469 | D        | Noticed a wandering mushroom
  2471 | D        | Noticed a wandering mushroom
  2474 | D        | Killed a wandering mushroom
  2474 | D        | Killed a wandering mushroom
  2474 | D        | Killed a wandering mushroom
  2474 | D        | Reached skill level 18 in Stealth
  2479 | D        | Killed an unseen horror
  2479 | D        | Offered knowledge of Venom Bolt by Vehumet.
  2479 | D        | Reached XP level 11. HP: 45/61 MP: 14/29
  2584 | D        | Noticed a spiny frog
  2588 | D        | Killed a spiny frog
  2600 | D        | Noticed a komodo dragon
  2608 | D        | Killed a komodo dragon
  2642 | D        | Killed an eight-headed hydra
  2662 | D        | Killed a seven-headed hydra
  2670 | D        | Noticed a spiny frog
  2777 | D        | Killed a spiny frog
  2777 | D        | Offered knowledge of Iron Shot by Vehumet.
  2858 | D        | Noticed a swamp drake
  2858 | D        | Noticed a fire drake
  2860 | D        | Killed a fire drake
  2863 | D        | Killed a swamp drake
  2910 | D        | Killed an electric eel
  3006 | D        | Noticed a brain worm
  3007 | D        | Noticed a redback
  3016 | D        | Killed a brain worm
  3020 | D        | Noticed a brain worm
  3032 | D        | Killed a redback
  3032 | D        | Reached skill level 10 in Spellcasting
  3035 | D        | Noticed a lindwurm
  3040 | D        | Killed a brain worm
  3041 | D        | Noticed a redback
  3043 | D        | Killed a lindwurm
  3044 | D        | Killed a redback
  3245 | D        | Noticed a redback
  3246 | D        | Killed a redback
  3247 | D        | Noticed Maud
  3250 | D        | Killed Maud
  3304 | D        | Noticed a killer bee
  3304 | D        | Noticed a killer bee
  3304 | D        | Noticed a killer bee
  3304 | D        | Noticed a killer bee
  3304 | D        | Noticed a killer bee
  3304 | D        | Noticed a killer bee
  3304 | D        | Noticed a killer bee
  3304 | D        | Noticed a killer bee
  3304 | D        | Noticed a killer bee
  3304 | D        | Noticed a killer bee
  3304 | D        | Noticed a killer bee
  3304 | D        | Noticed a killer bee
  3304 | D        | Noticed a killer bee
  3306 | D        | Noticed a killer bee
  3306 | D        | Noticed a killer bee
  3306 | D        | Noticed a killer bee
  3306 | D        | Noticed a killer bee
  3307 | D        | Noticed a killer bee
  3307 | D        | Noticed a killer bee
  3307 | D        | Noticed a killer bee
  3307 | D        | Killed a killer bee
  3307 | D        | Killed a killer bee
  3307 | D        | Killed a killer bee
  3308 | D        | Noticed a killer bee
  3308 | D        | Noticed a killer bee
  3308 | D        | Noticed a killer bee
  3308 | D        | Killed a killer bee
  3308 | D        | Killed a killer bee
  3309 | D        | Noticed a killer bee
  3309 | D        | Killed a killer bee
  3309 | D        | Reached skill level 19 in Stealth
  3309 | D        | Killed a killer bee
  3309 | D        | Killed a killer bee
  3310 | D        | Noticed a queen bee
  3311 | D        | Killed a killer bee
  3314 | D        | Killed a killer bee
  3315 | D        | Killed a killer bee
  3320 | D        | Killed a killer bee
  3320 | D        | Killed a killer bee
  3322 | D        | Killed a killer bee
  3323 | D        | Noticed a killer bee
  3323 | D        | Killed a killer bee
  3323 | D        | Killed a killer bee
  3323 | D        | Offered knowledge of Bolt of Cold by Vehumet.
  3323 | D        | Killed a killer bee
  3327 | D        | Killed a killer bee
  3328 | D        | Noticed a killer bee
  3330 | D        | Noticed a killer bee
  3330 | D        | Noticed a killer bee
  3331 | D        | Noticed a killer bee
  3331 | D        | Killed a killer bee
  3332 | D        | Killed a killer bee
  3333 | D        | Killed a killer bee
  3335 | D        | Killed a killer bee
  3342 | D        | Killed a killer bee
  3360 | D        | HP: 3/61 [poisoned by a killer bee]
  3366 | D        | Killed a killer bee
  3368 | D        | HP: 3/61 [poisoned by a killer bee]
  3380 | D        | Learned a level 6 spell: Bolt of Cold
  3471 | D        | Killed a death drake
  3651 | D        | Noticed a killer bee
  3652 | D        | Noticed a killer bee
  3661 | D        | Killed a killer bee
  3666 | D        | Killed a killer bee
  3689 | D        | Killed a killer bee
  3910 | D        | Killed a killer bee
  3929 | D        | Killed a queen bee
  3940 | D        | Killed a killer bee
  4004 | D        | Noticed a killer bee
  4014 | D        | Killed a killer bee
  4014 | D        | Offered knowledge of Force Lance by Vehumet.
  4062 | D        | Killed a killer bee
  4174 | D        | Killed a killer bee
  4237 | D        | Found a blossoming altar of Fedhas.
  4237 | D        | Noticed a spriggan
  4237 | D        | Noticed a spriggan druid
  4237 | D        | Noticed a spriggan
  4238 | D        | Killed a spriggan
  4240 | D        | Killed a spriggan druid
  4240 | D        | Reached skill level 15 in Conjurations
  4242 | D        | Killed a spriggan
  4357 | D        | Noticed Polyphemus
  4408 | D        | Noticed Joseph
  4410 | D        | Noticed Harold
  4410 | D        | Killed Joseph
  4413 | D        | Killed Harold
  4413 | D        | Reached XP level 12. HP: 66/66 MP: 6/31
  4443 | D        | Killed an orc high priest
  4447 | D        | Killed an orc priest
  4452 | D        | Killed an orc high priest
  4516 | D        | Killed an orc high priest
  4579 | D        | Noticed a skeletal warrior
  4614 | D        | Noticed a yaktaur
  4632 | D        | HP: 2/66 [skeletal warrior/war axe (15)]
  4633 | D        | Killed a skeletal warrior
  4633 | D        | Offered knowledge of Spellforged Servitor by Vehumet.
  5175 | D        | Noticed a spriggan defender
  5176 | D        | Noticed an orange crystal statue
  5187 | D        | Found Neab's Gadget Emporium.
  5187 | D        | Found Caon's Jewellery Shop.
  5187 | D        | Found Efirua's Antique Weapon Shoppe.
  5187 | D        | Found Wergha's Food Boutique.
  5187 | D        | Found Feutig's Assorted Antiques.
  5187 | D        | Found Suism's Book Shop.
  5187 | D        | Found Qeawir's Gadget Emporium.
  5187 | D        | Found Pluakatwi's Magic Scroll Boutique.
  5188 | D        | Found Rauqif's Distillery.
  5188 | D        | Found Oreodgh's Jewellery Shoppe.
  5188 | D        | Found Ocuaheog's Antique Armour Shop.
  5188 | D        | Found Qoppahoh's Food Emporium.
  5222 | D        | Bought an uncursed ring of poison resistance for 220 gold pieces
  5222 | D        | Bought the ring of Bodily Harmony {Ice Stlth++} for 413 gold pieces
  5222 | D        | Bought a cursed ring of loudness for 49 gold pieces
  5232 | D        | Bought a potion of degeneration for 22 gold pieces
  5232 | D        | Bought a potion of decay for 22 gold pieces
  5245 | D        | Bought a glowing hat for 92 gold pieces
  5245 | D        | Bought a scroll labeled MATOBA FIAGGACA for 23 gold pieces
  5245 | D        | Bought a scroll labeled VENIBB SAD COUXT for 23 gold pieces
  5265 | D        | Bought a scroll of blinking for 82 gold pieces
  5269 | D        | Bought a +4 ring of intelligence for 378 gold pieces
  5387 | D        | Noticed a yaktaur
  5511 | D        | Noticed a deep elf annihilator
  5514 | D        | Noticed a deep elf conjurer
  5515 | D        | Killed a deep elf conjurer
  5515 | D        | Reached skill level 15 in Ice Magic
  5516 | D        | Noticed a deep elf conjurer
  5589 | D        | Killed a deep elf annihilator
  5589 | D        | Reached skill level 20 in Stealth
  5590 | D        | Noticed a deep elf demonologist
  5678 | D        | Noticed a green death
  5697 | D        | Killed a deep elf demonologist
  5792 | D        | Killed a deep elf conjurer
  5807 | D        | Noticed a deep elf master archer
  5811 | D        | Gained mutation: You are clumsy. (Dex -2) [potion of mutation]
  5811 | D        | Gained mutation: Your body is slowly deteriorating. [potion of mutation]
  5811 | D        | Lost mutation: You are clumsy. (Dex -2) [potion of mutation]
  5812 | D        | Gained mutation: Your flesh is cold resistant. [potion of mutation]
  5812 | D        | Gained mutation: Your mind is acute. (Int +2) [potion of mutation]
  5812 | D        | Gained mutation: You have a fast metabolism. [potion of mutation]
  5814 | D        | Lost mutation: You have a fast metabolism. [potion of cure mutation]
  5814 | D        | Lost mutation: Your body is slowly deteriorating. [potion of cure mutation]
  5814 | D        | Lost mutation: Your flesh is cold resistant. [potion of cure mutation]
  5814 | D        | Lost mutation: Your mind is acute. (Int +2) [potion of cure mutation]
  5831 | D        | Noticed a deep elf high priest
  5833 | D        | Killed a deep elf high priest
  5835 | D        | Noticed a deep elf death mage
  5837 | D        | Killed a deep elf death mage
  5837 | D        | Offered knowledge of Ozocubu's Refrigeration by Vehumet.
  5837 | D        | Killed a deep elf master archer
  5940 | D        | Identified Sif Muna's Papyrus of the Escort
  5947 | D        | Identified Vehe's Almanac of Summoning
  5951 | D        | Got a slimy iron ring
  5969 | D        | Identified the ring "Agopyguq" {+Blink AC+2} (You found it in the Dungeon)
  5970 | D        | Identified a +5 rod of clouds (14/14) (You found it in the Dungeon)
  5999 | D        | Learned a level 3 spell: Flight
  6059 | D        | Killed a yaktaur
  6060 | D        | Noticed a yaktaur captain
  6060 | D        | Killed a yaktaur
  6063 | D        | Noticed a yaktaur captain
  6066 | D        | Killed a yaktaur captain
  6072 | D        | Killed a yaktaur captain
  6072 | D        | Reached XP level 13. HP: 61/70 MP: 19/33
  6167 | D        | Noticed Azrael
  6170 | D        | Killed Azrael
  6170 | D        | Reached skill level 21 in Stealth
  6225 | D        | Noticed a blink frog
  6225 | D        | Noticed a blink frog
  6226 | D        | Killed a blink frog
  6231 | D        | Noticed a blink frog
  6233 | D        | Killed a blink frog
  6234 | D        | Noticed a blink frog
  6239 | D        | Killed a blink frog
  6239 | D        | Offered knowledge of Conjure Ball Lightning by Vehumet.
  6243 | D        | Killed a blink frog
  6317 | D        | Noticed a blink frog
  6326 | D        | Killed a blink frog
  6385 | D        | Noticed Rupert
  6393 | D        | Killed Rupert
  6409 | D        | Noticed a death yak
  6409 | D        | Noticed a blink frog
  6410 | D        | Killed a blink frog
  6412 | D        | Noticed a death yak
  6412 | D        | Noticed a death yak
  6413 | D        | Noticed a death yak
  6415 | D        | Killed a death yak
  6415 | D        | Killed a death yak
  6520 | D        | Killed a death yak
  6522 | D        | Killed a death yak
  6522 | D        | Offered knowledge of Freezing Cloud by Vehumet.
  6523 | D        | Noticed a black mamba
  6524 | D        | Killed a yaktaur
  6532 | D        | Learned a level 6 spell: Freezing Cloud
  6634 | D        | Noticed a blink frog
  6636 | D        | Killed a black mamba
  6636 | D        | Killed a blink frog
  6650 | D        | Noticed a black mamba
  6651 | D        | Killed a black mamba
  6653 | D        | Noticed a blink frog
  6654 | D        | Killed a blink frog
  6794 | D        | Noticed an azure jelly
  6794 | D        | Noticed an azure jelly
  6794 | D        | Noticed an azure jelly
  6821 | D        | Noticed an elephant
  6823 | D        | Noticed an elephant
  6824 | D        | Noticed a dire elephant
  6824 | D        | Killed an elephant
  6824 | D        | Killed an elephant
  6826 | D        | Noticed a dire elephant
  6827 | D        | Killed a dire elephant
  6829 | D        | Noticed Gastronok
  6830 | D        | Killed a dire elephant
  6836 | D        | Killed Gastronok
  6954 | D        | Killed Polyphemus
  6954 | D        | Offered knowledge of Glaciate by Vehumet.
  6954 | D        | Offered knowledge of Chain Lightning by Vehumet.
  6954 | D        | Offered knowledge of Tornado by Vehumet.
  7034 | D        | Noticed Ilsuiw
  7239 | D        | Noticed a sea snake
  7298 | D        | Killed Ilsuiw
  7548 | D        | Killed a sea snake
  7550 | D        | Found Ywo Zuux's Book Emporium.
  7551 | D        | Found Shraros' Distillery.
  7552 | D        | Found Wiusuir's Antique Armour Shoppe.
  7553 | D        | Noticed a merfolk javelineer
  7559 | D        | Killed a merfolk javelineer
  7565 | D        | Bought a Necronomicon for 1214 gold pieces
  7581 | D        | Got a barnacled rune of Zot
  7596 | D        | Bought 2 potions of heal wounds for 78 gold pieces
  7596 | D        | Bought a potion of curing for 26 gold pieces
  7596 | D        | Bought a potion of confusion for 13 gold pieces
  7602 | D        | Bought a potion of lignification for 26 gold pieces
  7694 | D        | Noticed a spriggan defender
  7695 | D        | Noticed a spriggan defender
  7697 | D        | Noticed a spriggan defender
  7697 | D        | Killed a spriggan defender
  7699 | D        | Killed a spriggan defender
  7699 | D        | Killed a spriggan defender
  7699 | D        | Killed a spriggan defender
  7699 | D        | Reached XP level 14. HP: 39/75 MP: 28/35
  7860 | D        | Noticed a faun
  7862 | D        | a faun changed into a cyclops
  7868 | D        | Killed a slime creature
  7901 | D        | Noticed a faun
  7901 | D        | Noticed a slime creature
  7904 | D        | Killed a faun
  7904 | D        | Killed a slime creature
  7907 | D        | Noticed a centaur warrior
  7909 | D        | Killed a centaur warrior
  7924 | D        | Noticed a slime creature
  7925 | D        | Noticed a fire dragon
  7931 | D        | Killed a slime creature
  7934 | D        | Killed a fire dragon
  8058 | D        | Noticed a swamp drake
  8058 | D        | Noticed a swamp dragon
  8061 | D        | Killed a swamp drake
  8062 | D        | Killed a swamp dragon
  8069 | D        | Noticed a swamp dragon
  8072 | D        | Killed a swamp dragon
  8083 | D        | Noticed a swamp drake
  8085 | D        | Killed a swamp drake
  8115 | D        | Found Huys' Magic Scroll Shoppe.
  8115 | D        | Found Phievat's Antique Armour Boutique.
  8115 | D        | Found Mnoifoak's Book Emporium.
  8126 | D        | Bought a scroll of blinking for 90 gold pieces
  8126 | D        | Bought a scroll of blinking for 90 gold pieces
  8128 | D        | Bought an embroidered hat for 104 gold pieces
  8190 | D        | Noticed a swamp dragon
  8194 | D        | Killed a swamp dragon
  8210 | D        | Noticed a six-headed hydra
  8210 | D        | Noticed the 27-headed Lernaean hydra
  8212 | D        | Killed a six-headed hydra
  8213 | D        | Killed the 27-headed Lernaean hydra
  8269 | D        | Got a decaying rune of Zot
  8445 | D        | Learned a level 9 spell: Glaciate
  8454 | D        | Noticed a crystal guardian
  8454 | D        | Noticed a crystal guardian
  8454 | D        | Noticed a crystal guardian
  8454 | D        | Noticed a crystal guardian
  8455 | D        | Killed a crystal guardian
  8458 | D        | Killed a crystal guardian
  8461 | D        | Killed a crystal guardian
  8464 | D        | Killed a crystal guardian
  8480 | D        | Killed an orange crystal statue
  8546 | D        | Noticed a runed trident
  8546 | D        | Noticed a glowing long sword
  8546 | D        | Noticed a runed halberd
  8547 | D        | Killed a runed trident
  8547 | D        | Reached skill level 15 in Spellcasting
  8547 | D        | Killed a runed halberd
  8548 | D        | Noticed a runed hand axe
  8548 | D        | Killed a glowing long sword
  8548 | D        | Killed a runed hand axe
  8586 | D        | Noticed a yaktaur captain
  8586 | D        | Noticed a slime creature
  8595 | D        | Killed a yaktaur captain
  8597 | D        | Noticed a brown very ugly thing
  8602 | D        | Noticed a cyan very ugly thing
  8605 | D        | Killed a brown very ugly thing
  8608 | D        | Killed a slime creature
  8733 | D        | Killed a cyan very ugly thing
  8753 | D        | Gained mutation: You occasionally shout uncontrollably at your foes. [mutagenic meat]
  8755 | D        | Gained mutation: You possess an exceptional clarity of mind. [potion of mutation]
  8755 | D        | Gained mutation: Your spells are a little harder to cast, but a little more powerful. [potion of mutation]
  8755 | D        | Gained mutation: You are weak. (Str -2) [potion of mutation]
  8761 | D        | Noticed Chuck
  8761 | D        | Noticed a water nymph
  8761 | D        | a water nymph changed into a hill giant
  8763 | D        | Killed Chuck
  8821 | D        | Noticed Norris
  8827 | D        | Paralysed by Norris for 2 turns
  8830 | D        | Killed Norris
  8830 | D        | Reached skill level 22 in Conjurations
  8938 | D        | Noticed a lich
  8941 | D        | Killed a lich
  8941 | D        | Reached XP level 15. HP: 74/80 MP: 12/37
  9014 | D        | Noticed a cyan very ugly thing
  9016 | D        | Noticed a purple very ugly thing
  9016 | D        | Noticed a shadow dragon
  9016 | D        | Noticed an ogre mage
  9017 | D        | Noticed a shadow dragon
  9017 | D        | Killed a cyan very ugly thing
  9017 | D        | Killed a purple very ugly thing
  9017 | D        | Killed an ogre mage
  9019 | D        | Killed a shadow dragon
  9020 | D        | Killed a shadow dragon
  9094 | D        | Noticed a silver statue
  9096 | D        | Killed a silver statue
  9103 | D        | Noticed a green very ugly thing
  9105 | D        | Killed a green very ugly thing
  9212 | D        | Noticed a frost giant
  9212 | D        | Noticed a vault guard
  9212 | D        | Noticed a vault guard
  9213 | D        | Noticed a stone giant
  9213 | D        | Noticed a vault guard
  9213 | D        | Noticed a vault guard
  9213 | D        | Noticed a stone giant
  9213 | D        | Noticed a vault guard
  9213 | D        | Noticed a vault guard
  9213 | D        | Noticed a skeletal warrior
  9213 | D        | Noticed a titan
  9213 | D        | Noticed a vault guard
  9213 | D        | Noticed a vault guard
  9213 | D        | Noticed a green very ugly thing
  9213 | D        | Noticed a skeletal warrior
  9213 | D        | Noticed a titan
  9213 | D        | Noticed a vault guard
  9213 | D        | Noticed a vault guard
  9213 | D        | Noticed a merfolk
  9213 | D        | Noticed a titan
  9213 | D        | Noticed a vault guard
  9213 | D        | Noticed a vault guard
  9213 | D        | Noticed a vault guard
  9213 | D        | Noticed a vault guard
  9213 | D        | Noticed a vault guard
  9214 | D        | a merfolk changed into a moth of wrath
  9215 | D        | Noticed a golden dragon
  9215 | D        | Killed a green very ugly thing
  9215 | D        | Killed a vault guard
  9215 | D        | Killed a vault guard
  9215 | D        | Killed a vault guard
  9215 | D        | Killed a vault guard
  9215 | D        | Killed a vault guard
  9215 | D        | Reached skill level 23 in Conjurations
  9215 | D        | Killed a vault guard
  9215 | D        | Killed a vault guard
  9215 | D        | Killed a vault guard
  9216 | D        | Noticed a centaur warrior
  9216 | D        | Noticed a quicksilver dragon
  9216 | D        | Noticed a vault guard
  9216 | D        | Killed a vault guard
  9216 | D        | Killed a vault guard
  9217 | D        | Killed a titan
  9218 | D        | Killed a vault guard
  9218 | D        | Killed a vault guard
  9218 | D        | Killed a stone giant
  9218 | D        | Killed a titan
  9218 | D        | Killed a vault guard
  9218 | D        | Killed a vault guard
  9218 | D        | Killed a skeletal warrior
  9218 | D        | Killed a quicksilver dragon
  9218 | D        | Killed a skeletal warrior
  9218 | D        | Reached skill level 24 in Conjurations
  9218 | D        | Killed a vault guard
  9218 | D        | Killed a titan
  9218 | D        | Killed a centaur warrior
  9220 | D        | Killed a vault guard
  9222 | D        | Killed a frost giant
  9222 | D        | Reached XP level 16. HP: 43/85 MP: 25/40
  9222 | D        | Killed a stone giant
  9222 | D        | Killed a golden dragon
  9324 | D        | Identified Wizardry Continued
  9326 | D        | Got a silver rune of Zot
  9482 | D        | Noticed a skeletal warrior
  9482 | D        | Noticed an iron golem
  9483 | D        | Killed a skeletal warrior
  9490 | D        | Killed an iron golem
  9583 | D        | Noticed a necromancer
  9584 | D        | Killed a necromancer
  9601 | D        | Noticed a hell knight
  9601 | D        | Noticed a hell knight
  9602 | D        | Noticed a hell knight
  9602 | D        | Noticed a hell knight
  9603 | D        | Killed a hell knight
  9603 | D        | Killed a hell knight
  9603 | D        | Killed a hell knight
  9603 | D        | Killed a hell knight
  9630 | D        | Noticed a lich
  9633 | D        | Killed a lich
  9633 | D        | Reached skill level 25 in Conjurations
  9779 | D        | Noticed a black mamba simulacrum
  9779 | D        | Noticed a polar bear simulacrum
  9779 | D        | Noticed a polar bear simulacrum
  9779 | D        | Noticed an eight-headed hydra simulacrum
  9780 | D        | Killed a polar bear simulacrum
  9780 | D        | Killed a black mamba simulacrum
  9780 | D        | Killed an eight-headed hydra simulacrum
  9780 | D        | Killed a polar bear simulacrum
  9806 | D        | Got a crude falchion
  9807 | D        | Identified the cursed +1 falchion "Qilid" {freeze, rElec rF+ rC+} (You found it in the Dungeon)
  9910 | D        | Bought a book of Cantrips for 200 gold pieces
  9913 | D        | Learned a level 1 spell: Animate Skeleton
  9935 | D        | Noticed an azure jelly
 10013 | D        | Bought a book of Enchantments for 550 gold pieces
 10081 | D        | Killed an azure jelly
 10081 | D        | Killed an azure jelly
 10081 | D        | Killed an azure jelly
 10082 | D        | Killed an azure jelly
 10090 | D        | Learned a level 6 spell: Haste
 10277 | D        | Noticed a shining eye
 10277 | D        | Killed a shining eye
 10278 | D        | Noticed an azure jelly
 10279 | D        | Noticed an azure jelly
 10282 | D        | Noticed the royal jelly
 10285 | D        | Noticed an azure jelly
 10286 | D        | Killed an azure jelly
 10286 | D        | Reached skill level 5 in Necromancy
 10287 | D        | Killed an azure jelly
 10287 | D        | Noticed an acid blob
 10289 | D        | Killed the royal jelly
 10289 | D        | Killed an acid blob
 10289 | D        | Noticed an acid blob
 10290 | D        | Noticed an acid blob
 10290 | D        | Killed an acid blob
 10290 | D        | Killed an acid blob
 10290 | D        | Reached skill level 15 in Necromancy
 10291 | D        | Noticed an acid blob
 10401 | D        | Killed an azure jelly
 10444 | D        | Learned a level 8 spell: Necromutation
 10517 | D        | Noticed a shining eye
 10517 | D        | Killed a shining eye
 10517 | D        | Reached skill level 1 in Transmutations
 10615 | D        | Killed an acid blob
 10742 | D        | Got a slimy rune of Zot
 10965 | D        | Noticed a fire elementalist statue
 10965 | D        | Noticed a water elementalist statue
 10965 | D        | Noticed an earth elementalist statue
 10965 | D        | Noticed an air elementalist statue
 10966 | D        | Killed a fire elementalist statue
 10966 | D        | Killed a water elementalist statue
 10966 | D        | Killed an air elementalist statue
 10968 | D        | Killed an earth elementalist statue
 11000 | D        | Noticed Mennas
 11001 | D        | Noticed a pristine statue
 11001 | D        | Noticed a pristine statue
 11007 | D        | Killed Mennas
 11007 | D        | Reached skill level 5 in Transmutations
 11012 | D        | Noticed a spectral iron dragon
 11012 | D        | Noticed a titan zombie
 11012 | D        | Noticed Boris
 11012 | D        | Noticed an anaconda zombie
 11012 | D        | Noticed an anaconda simulacrum
 11012 | D        | Killed an anaconda simulacrum
 11012 | D        | Reached XP level 17. HP: 89/89 MP: 16/41
 11013 | D        | Noticed a spectral iron dragon
 11013 | D        | Killed a spectral iron dragon
 11013 | D        | Killed an anaconda zombie
 11014 | D        | Killed Boris
 11014 | D        | Killed a titan zombie
 11014 | D        | Killed a spectral iron dragon
 11059 | D        | Identified the Collected Works on Harmful Aid (You acquired it in the Dungeon)
 11068 | D        | Killed a pristine statue
 11168 | D        | Killed a pristine statue
 11269 | D        | Noticed a pristine statue
 11269 | D        | Noticed a pristine statue
 11272 | D        | Killed a pristine statue
 11274 | D        | Killed a pristine statue
 11325 | D        | Noticed Roxanne
 11330 | D        | Killed Roxanne
 11438 | D        | Noticed Mara
 11440 | D        | Noticed a molten gargoyle
 11440 | D        | Noticed a vampire knight
 11440 | D        | Noticed a vampire knight
 11442 | D        | Killed a molten gargoyle
 11442 | D        | Killed Mara
 11442 | D        | Killed a vampire knight
 11444 | D        | Killed a vampire knight
 11464 | D        | Noticed an ancient champion
 11465 | D        | Killed an ancient champion
 11465 | D        | Reached skill level 10 in Transmutations
 11509 | D        | Bought the ring "Hixut" {+Rage rElec Str+1 Slay+2} for 309 gold pieces
 11950 | D        | Bought a scroll of amnesia for 38 gold pieces
 11985 | D        | Noticed a skeletal warrior
 11986 | D        | Noticed a skeletal warrior
 11986 | D        | Noticed a curse skull
 11989 | D        | Killed a shadow wraith
 11989 | D        | Killed a skeletal warrior
 11989 | D        | Killed a skeletal warrior
 11989 | D        | Killed a curse skull
 11993 | D        | Noticed a ball lightning
 11993 | D        | Noticed a ball lightning
 11993 | D        | Noticed a ball lightning
 11993 | D        | Noticed a ball lightning
 11993 | D        | Killed a ball lightning
 11993 | D        | Killed a ball lightning
 11993 | D        | Killed a ball lightning
 11993 | D        | Killed a ball lightning
 11993 | D        | Killed a ball lightning
 12171 | D        | Noticed Nikola
 12171 | D        | Noticed an electric eel
 12171 | D        | Noticed a storm dragon
 12171 | D        | Noticed an electric eel
 12171 | D        | Noticed an electric eel
 12176 | D        | Killed an electric eel
 12176 | D        | Killed an electric eel
 12176 | D        | Killed an electric eel
 12179 | D        | Killed a storm dragon
 12179 | D        | Killed Nikola
 12202 | D        | Noticed a slime creature
 12208 | D        | Killed a slime creature
 12209 | D        | Noticed a slime creature
 12209 | D        | Killed a slime creature
 12210 | D        | Noticed a large slime creature
 12210 | D        | Noticed a slime creature
 12211 | D        | Killed a slime creature
 12211 | D        | Killed a slime creature
 12212 | D        | Killed a slime creature
 12233 | D        | Noticed a red wasp
 12233 | D        | Killed a red wasp
 12242 | D        | Noticed a yellow wasp
 12245 | D        | Killed a yellow wasp
 12248 | D        | Noticed a yellow wasp
 12248 | D        | Killed a yellow wasp
 12258 | D        | Found Shrethryc's Food Shoppe.
 12258 | D        | Found Onnam's Gadget Shop.
 12258 | D        | Found Tok Ymoog's Gadget Shop.
 12258 | D        | Noticed an oklob plant
 12258 | D        | Noticed an oklob plant
 12259 | D        | Killed an oklob plant
 12259 | D        | Killed an oklob plant
 12269 | D        | Found Xeiwoeti's Food Emporium.
 12276 | D        | Bought a bread ration for 60 gold pieces
 12276 | D        | Bought a bread ration for 60 gold pieces
 12292 | D        | Found Qehaqeh's Gadget Boutique.
 12292 | D        | Noticed an iron troll simulacrum
 12306 | D        | Killed an iron troll simulacrum
 12421 | D        | Noticed a deep elf knight
 12421 | D        | Noticed a pale draconian knight
 12422 | D        | Noticed a white draconian knight
 12422 | D        | Noticed a yellow draconian knight
 12422 | D        | Noticed a deep elf knight
 12423 | D        | Killed a deep elf knight
 12423 | D        | Killed a deep elf knight
 12423 | D        | Reached skill level 5 in Fighting
 12424 | D        | Killed a yellow draconian knight
 12424 | D        | Killed a white draconian knight
 12424 | D        | Reached skill level 10 in Charms
 12424 | D        | Killed a pale draconian knight
 12426 | D        | Noticed an Executioner
 12426 | D        | Killed an Executioner
 12482 | D        | Noticed a yaktaur
 12482 | D        | Noticed Nessos
 12485 | D        | Killed a yaktaur
 12485 | D        | Killed Nessos
 12508 | D        | Noticed an ice devil
 12508 | D        | Noticed a hell beast
 12508 | D        | Noticed a sun demon
 12508 | D        | Noticed a sun demon
 12508 | D        | Noticed a hell beast
 12508 | D        | Noticed a soul eater
 12509 | D        | Noticed a soul eater
 12509 | D        | Noticed an ice devil
 12512 | D        | Killed a hell beast
 12512 | D        | Killed a sun demon
 12512 | D        | Reached skill level 26 in Conjurations
 12512 | D        | Killed a hell beast
 12512 | D        | Killed an ice devil
 12512 | D        | Killed a sun demon
 12515 | D        | Killed an ice devil
 12533 | D        | Killed a soul eater
 12535 | D        | Killed a soul eater
 12730 | D        | Noticed a guardian mummy
 12730 | D        | Noticed a sphinx
 12731 | D        | Noticed a sphinx
 12731 | D        | Noticed a mummy priest
 12733 | D        | Killed a guardian mummy
 12733 | D        | Killed a sphinx
 12733 | D        | Killed a sphinx
 12738 | D        | Killed a mummy priest
 12742 | D        | Slain by a reaper

Action                   |  1- 3 |  4- 6 |  7- 9 | 10-12 | 13-15 | 16-18 || total
-------------------------+-------+-------+-------+-------+-------+-------++-------
Melee: Unarmed           |    27 |       |       |       |       |       ||    27
       Dagger            |     2 |    19 |    27 |   126 |     9 |     1 ||   184
       Staff             |       |       |       |       |     1 |    13 ||    14
 Cast: Magic Dart        |    11 |       |     1 |    12 |       |     3 ||    27
       Blink             |     9 |       |       |     1 |       |       ||    10
       Mephitic Cloud    |     3 |     3 |    17 |    43 |       |       ||    66
       Call Imp          |     3 |       |     7 |       |       |       ||    10
       Repel Missiles    |       |       |     1 |       |       |     1 ||     2
       Ensorcelled Hiber |       |       |     4 |     7 |       |       ||    11
       Conjure Flame     |       |       |       |    24 |       |       ||    24
       Lightning Bolt    |       |       |       |    20 |       |       ||    20
       Bolt of Cold      |       |       |       |    32 |    64 |    14 ||   110
       Flight            |       |       |       |     2 |     6 |     1 ||     9
       Freezing Cloud    |       |       |       |       |    20 |       ||    20
       Glaciate          |       |       |       |       |    18 |    57 ||    75
       Haste             |       |       |       |       |       |     2 ||     2
Evoke: Wand              |       |       |       |     1 |     2 |     7 ||    10
       Rod               |       |       |       |     1 |       |       ||     1
  Use: Potion            |     2 |       |     1 |    10 |     3 |     1 ||    17
       Scroll            |     1 |       |       |     1 |     2 |     8 ||    12
 Stab: Sleeping          |     1 |       |     9 |     5 |     5 |     1 ||    21
       Confused          |     2 |     2 |     3 |    14 |       |       ||    21
  Eat: Bread ration      |     1 |       |       |     2 |       |       ||     3
       Chunk             |       |       |       |     7 |    17 |     4 ||    28
       Royal jelly       |       |       |       |     4 |    11 |     8 ||    23
       Fruit             |       |       |       |       |     4 |     4 ||     8
       Meat ration       |       |       |       |       |       |     2 ||     2
